AoeStats
← Malik Bhai

Arabia

508566347Analyzed
1v1 RM · 9d ago on Sep 23, 2026· 37m 14s· 2 players
Game mode
Random Map
Map size
Tiny (2 player)
Population
200
Speed
Normal
Resources
Standard
Victory
Conquest
Starting age
Dark Age
Ending age
Imperial Age
RankedLock teamsTeams togetherTeam positionsShared explorationLock speedFull tech treeHidden civsTurbo modeCheats
Victory
Defeat
🇵🇰 Muisca · Pakistan
1655
+12
🇦🇷 Khmer · Argentina
1570
-12
Zentraedi
8:05 Loom
11:17 Feudal Age
13:58 Castle Age
13:19 Bloodlines
16:18 Double-Bit Axe
21:29 Devotion
22:39 Scale Barding Armor
28:19 Forging
30:20 Chain Barding Armor
35:03 Redemption
35:42 Sanctity
Malik Bhai
7:42 Loom
10:23 Feudal Age
14:05 Castle Age
13:06 Double-Bit Axe
13:03 Horse Collar
20:12 Fletching
21:13 Bodkin Arrow
22:28 Padded Archer Armor
28:28 Redemption
29:00 Bow Saw
36:50 Imperial Age
35:48 Leather Archer Armor
37:18 Heavy Plow
37:55 Wheelbarrow
37:45 Bracer
Connection lost

Rejoining the realm…

Still unreachable

The connection could not be restored.

Session expired

The server has moved on; the page needs a fresh start.